 Dungeon Crawl Stone Soup version 0.30-a0-1114-gd936c97349 (webtiles) character file.

Game seed: 5181373978661302101

415 leviel the Trooper (level 6, -1/56 HPs)
             Began as a Hill Orc Fighter on Apr 21, 2023.
             Slain by a river rat (6 damage)
             ... summoned by Eustachio
             ... on level 4 of the Dungeon.
             The game lasted 00:04:51 (2684 turns).

leviel the Trooper (Hill Orc Fighter)               Turns: 2684, Time: 00:04:52

Health: -1/56      AC:  8    Str: 19    XL:     6   Next: 92%
Magic:  6/6        EV: 14    Int: 10    God:
Gold:   972        SH:  9    Dex: 10    Spells: 5/5 levels left

rFire   . . .      SeeInvis .    f - +0 hand axe
rCold   . . .      Faith    .    c - +0 buckler
rNeg    . . .      Spirit   .    b - +0 scale mail
rPois   .          Reflect  +    l - +0 helmet
rElec   .          Rampage  .    (no cloak)
rCorr   .                        (no gloves)
Will    +....                    (no boots) Stlth
                                 m - amulet of reflection
HPRegen 0.29/turn                g - +5 ring of evasion
MPRegen 0.10/turn                k - ring of willpower

@: mighty
A: no striking features
a: no special abilities


You were on level 4 of the Dungeon.
You visited 1 branch of the dungeon, and saw 4 of its levels.

You collected 972 gold pieces.

Inventory:

Hand Weapons
 a - a +0 long sword
 f - a +0 hand axe (weapon)
Armour
 b - a +0 scale mail (worn)
 c - a +0 buckler (worn)
 l - a +0 helmet (worn)
Jewellery
 g - a +5 ring of evasion (left hand)
 k - a ring of willpower (right hand)
 m - an amulet of reflection (around neck)
 q - a ring of positive energy
Wands
 n - a wand of digging (5)
Scrolls
 h - a scroll of fear
 i - 3 scrolls of teleportation
 j - a scroll of vulnerability
 o - a scroll of noise
Potions
 e - 2 potions of curing
 p - 2 potions of attraction
 r - a potion of magic
 s - a potion of cancellation {unknown}


   Skills:
 + Level 5.2 Fighting
 - Level 2.5 Long Blades
 + Level 3.4 Axes
 + Level 4.7 Armour
 + Level 2.0 Dodging
 + Level 4.8 Shields


You had 5 spell levels left.
You didn't know any spells.
Your spell library contained the following spells:

 Spells                   Type           Power      Damage    Failure   Level
 Apportation              Tloc           0%         N/A       80%         1
 Freeze                   Ice            0%         1d3       80%         1
 Magic Dart               Conj           0%         1d3       80%         1
 Necrotise                Necr           0%         1d4       80%         1
 Summon Small Mammal      Summ           0%         N/A       80%         1
 Searing Ray              Conj           0%         2d4       91%         2
 Frozen Ramparts          Ice            0%         1d1       99%         3
 Hailstorm                Conj/Ice       0%         3d3       99%         3
 Fulminant Prism          Conj/Hex       0%         3d5       100%        4


Dungeon Overview and Level Annotations

Branches:
Dungeon (4/15)
 Temple: D:4-7

Altars:
Fedhas

Annotations:
D:4 Eustachio


Message History

You slash the hobgoblin!
You kill the hobgoblin!
You block the bat's attack. Eustachio misses you.
You closely miss Eustachio.
Eustachio is severely wounded.
You completely miss the river rat.
The iron imp disappears in a puff of smoke!
The bat hits you but does no damage. You block Eustachio's attack.
The river rat misses you.
You closely miss Eustachio.
Eustachio is severely wounded.
You hit the bat.
You kill the bat!
The bat's corpse disappears in a puff of smoke!
You hit the river rat but do no damage.
Eustachio mumbles some strange words.
The river rat closely misses you.
You slash Eustachio!
Eustachio is almost dead.
You miss the quokka. You slash the river rat!
The river rat disappears in a puff of smoke!
Eustachio gestures wildly while chanting.
The quokka bites you.
* * * LOW HITPOINT WARNING * * *
Eustachio hits you with a +0 rapier of electrocution.
* * * LOW HITPOINT WARNING * * *
You miss Eustachio.
Eustachio is almost dead.
You slash the quokka!
You kill the quokka!
The quokka's corpse disappears in a puff of smoke!
You hit the white imp.
Eustachio mumbles some strange words.
You block the white imp's attack.
You closely miss Eustachio.
Eustachio is almost dead.
You hit the river rat. You hit the white imp.
The shadow imp disappears in a puff of smoke!
The river rat bites you.
You die...

#.# #.# .##
#.# ... #.#
.. ##
#.#######
....#
.#......#
ยง#..#
#.#####.# 5..
##
#.#########r#
#......rb@@5#
#############


You could see Eustachio, a quasit (summoned), a river rat (summoned), a white
imp (summoned), a bat (summoned) and a rat (summoned).

Vanquished Creatures
  Grinder (D:3)
  The ghost of Dordric the Insei, a weakling OpTm (D:3)
  An iguana (D:3)
  Terence (D:3)
  4 adders (D:2)
  2 worms (D:2)
  An orc (D:3)
  11 ball pythons
  6 bats
  9 endoplasms
  3 giant cockroaches
  7 goblins
  9 hobgoblins
  6 jackals
  2 kobolds (D:1)
  3 quokkas
  4 frilled lizards (D:1)
  10 rats
81 creatures vanquished.

Notes
Turn   | Place    | Note
-------+----------+-------------------------------------------
     0 | D:1      | leviel the Hill Orc Fighter began the quest for the Orb.
     0 | D:1      | Reached XP level 1. HP: 19/19 MP: 1/1
   131 | D:1      | Reached XP level 2. HP: 20/27 MP: 2/2
   296 | D:1      | Reached skill level 4 in Fighting
   296 | D:1      | Reached XP level 3. HP: 27/33 MP: 3/3
   640 | D:2      | Reached skill level 1 in Axes
   655 | D:2      | Reached XP level 4. HP: 34/40 MP: 4/4
   938 | D:2      | Identified a scroll of acquirement
   938 | D:2      | Acquired 862 gold pieces
  1279 | D:2      | Reached skill level 1 in Dodging
  1466 | D:3      | Found a runed translucent door.
  1466 | D:3      | Noticed Dordric's ghost (weakling OpTm)
  1473 | D:3      | Noticed Terence
  1501 | D:3      | Killed Terence
  1502 | D:3      | Reached XP level 5. HP: 35/47 MP: 5/5
  1763 | D:3      | Found a blossoming altar of Fedhas.
  1987 | D:3      | Noticed Grinder
  2004 | D:3      | Paralysed by Grinder for 4 turns
  2021 | D:3      | Paralysed by Grinder for 5 turns
  2033 | D:3      | Killed Grinder
  2034 | D:3      | Reached skill level 5 in Fighting
  2034 | D:3      | Reached XP level 6. HP: 7/56 MP: 6/6
  2211 | D:3      | Killed Dordric's ghost
  2661 | D:4      | Noticed Eustachio
  2684 | D:4      | Slain by a river rat

Illustrated notes

Levels and vault maps discovered:
D:1:      lightli_iron_boxes, layout_basic
D:2:      layout_basic, minmay_pentomino_s4
D:3:      layout_basic, fedhas_altar_fruit_tree, hellmonk_ghost_happy_afterlife,
          kennysheep_generic_room_8, uniq_terence, uniq_grinder
D:4:      layout_loops_ring, patterned_corridor, uniq_duvessa, uniq_eustachio,
          uniq_natasha

Skill      XL: |  1  2  3  4  5  6 |
---------------+-------------------+-----
Fighting       | 4 5 |  5.2
Axes           | 1 2 3 |  3.4
Armour         | 4 |  4.7
Shields        | 4 |  4.8
Dodging        | 1 2 |  2.0
Long Blades    | |  2.5

Action                     |  1- 3 |  4- 6 || total
---------------------------+-------+-------++-------
  Melee: Long sword        |    40 |       ||    40
         Hand axe          |    66 |   205 ||   271
    Use: Scroll            |       |    10 ||    10
         Potion            |       |     4 ||     4
 Armour: Scale mail        |    51 |    69 ||   120
  Dodge: Dodged            |    88 |   121 ||   209
  Block: Buckler           |    43 |    79 ||   122

Table legend: (Time is in decaauts)
 A = Elapsed time spent in this place.
 B = Non-inter-level travel time spent in this place.
 C = Inter-level travel time spent in this place.
 D = Time resting spent in this place.
 E = Time spent auto-exploring this place.
 F = Levels seen in this place.
 G = Mean time per level.
                   A        B        C        D        E       F      G
               +--------+--------+--------+--------+--------+-----+--------+
         Total |   2765 |   2583 |    182 |    282 |   1617 |   4 |  691.2 |
       Dungeon |   2765 |   2583 |    182 |    282 |   1617 |   4 |  691.2 |
               +--------+--------+--------+--------+--------+-----+--------+

Top non-repeatable levels by time:
     D:3: 1021 daAuts
     D:2: 921 daAuts
     D:1: 597 daAuts
     D:4: 225 daAuts
